Map: [ESL] Oceanborn

Players

PtitDrogo

  • Race: Protoss Protoss
  • Spawn Location: 5:00

ShaDoWn - Winner!

  • Race: Protoss Protoss
  • League: Master
  • Spawn Location: 11:00

Event: HomeStory Cup XXIV

VOD

Have the link to the VOD?

Description

Time

  • Played on: Dec. 1, 2023, 1:20 p.m.
  • Length: 13:35

All games in this series

Show
View Real Time Build Order
Export as new Build Order

PtitDrogo Protoss 

Build Orders: Archon Immortal 

Get SALT Encoding   

  12  0:00  Probe  
  13  0:12  Probe  
  14  0:17  Pylon  
  14  0:24  Probe (Chrono Boost)  
  15  0:36  Gateway, Probe (Chrono Boost)  
  16  0:45  Probe (Chrono Boost)  
  16  0:46  Assimilator  
  17  0:51  Probe  
  17  0:54  Assimilator  
  18  1:03  Probe (Chrono Boost)  
  19  1:07  Gateway  
  20  1:12  Probe (Chrono Boost)  
  20  1:17  Probe (Chrono Boost)  
  20  1:23  Cybernetics Core  
  21  1:29  Probe  
  22  1:33  Pylon  
  22  1:41  Probe  
  23  1:53  Probe  
  24  1:58  Warp Gate (Chrono Boost)  
  24  2:00  Stalker x2  
  28  2:05  Probe  
  28  2:08  Pylon  
  29  2:24  Probe  
  30  2:30  Stalker x2  
  34  2:38  Probe  
  35  2:57  Shield Battery  
  35  3:03  Sentry x2  
  39  3:06  Pylon  
  39  3:08  Gateway  
  39  3:11  Robotics Facility  
  38  3:21  Probe  
  38  3:22  Pylon  
  39  3:43  Stalker x2  
  42  3:48  Probe  
  42  4:08  Stalker x2  
  42  4:17  Probe  
  39  4:25  Immortal (Chrono Boost)  
  39  4:30  Stalker  
  43  4:32  Stalker  
  43  4:34  Stalker  
  47  4:59  Nexus  
  45  5:02  Pylon  
  45  5:10  Observer (Chrono Boost)  
  45  5:14  Probe  
  47  5:22  Adept x3  
  47  5:26  Probe  
  54  5:31  Warp Prism (Chrono Boost)  
  54  5:45  Probe  
  55  5:59  Probe  
  55  6:01  Forge  
  55  6:02  Immortal (Chrono Boost)  
  60  6:12  Probe x2  
  62  6:29  Immortal (Chrono Boost), Probe x2  
  62  6:30  Protoss Ground Weapons Level 1 (Chrono Boost)  
  68  6:33  Shield Battery  
  68  6:41  Probe  
  68  6:43  Sentry  
  68  6:44  Adept  
  68  6:45  Adept  
  75  6:48  Probe  
  76  6:55  Pylon  
  76  6:56  Probe  
  77  7:05  Nexus  
  77  7:07  Probe  
  78  7:10  Pylon  
  78  7:15  Shield Battery  
  78  7:16  Probe  
  78  7:20  Assimilator, Probe  
  80  7:29  Immortal  
  84  7:32  Probe x2  
  86  7:37  Twilight Council  
  86  7:44  Probe x2  
  88  7:56  Probe  
  88  7:57  Gateway  
  89  8:08  Immortal  
  89  8:09  Probe  
  94  8:14  Protoss Ground Weapons Level 2 (Chrono Boost), Charge  
  94  8:17  Probe  
  94  8:18  Probe  
  96  8:21  Probe  
  97  8:27  Zealot  
  97  8:28  Zealot  
  97  8:29  Probe  
  97  8:30  Probe  
  97  8:33  Assimilator, Probe  
  97  8:34  Assimilator  
  104  8:36  Templar Archives  
  104  8:43  Assimilator  
  104  8:48  Gateway  
  104  8:52  Gateway  
  104  8:53  Gateway  
  104  8:57  Immortal (Chrono Boost)  
  108  9:03  Pylon  
  108  9:05  Probe  
  108  9:07  Pylon  
  108  9:09  Pylon  
  109  9:17  Probe x2  
  107  9:40  Immortal  
  107  9:45  Observer  
  107  9:46  High Templar x4  
  107  9:48  Zealot x3  
  107  9:50  Archon x2  
  121  9:56  Nexus, Observer, Gateway  
  121  9:57  Pylon  
  121  10:03  Gateway, Pylon  
  121  10:12  High Templar x2  
  121  10:13  Zealot  
  127  10:19  Archon  
  127  10:20  Photon Cannon  
  126  10:21  Photon Cannon  
  126  10:23  Observer (Chrono Boost)  
  126  10:33  Probe  
  126  10:34  High Templar  
  126  10:35  High Templar, Zealot  
  133  10:38  Pylon  
  133  10:39  Pylon  
  133  10:41  Photon Cannon  
  133  10:43  Photon Cannon, Protoss Ground Weapons Level 3 (Chrono Boost)  
  133  10:44  Archon  
  133  10:56  Immortal  
  136  10:59  Zealot x3  
  136  11:03  Probe  
  136  11:04  Probe x2  
  140  11:14  High Templar x2  
  140  11:15  Probe  
  140  11:16  Probe x2  
  147  11:19  Archon  
  147  11:20  Nexus, High Templar  
  147  11:21  Pylon  
  149  11:27  Pylon  
  149  11:35  Pylon  
  149  11:39  Probe x3  
  152  11:40  High Templar x2  
  152  11:42  Photon Cannon  
  152  11:45  Archon  
  156  11:47  High Templar  
  156  11:48  Zealot x3  
  156  11:51  Probe  
  156  11:52  Archon  
  165  11:55  Probe  
  165  11:57  Shield Battery  
  166  12:07  High Templar x2  
  170  12:11  Archon  
  170  12:15  High Templar  
  172  12:24  Warp Prism (Chrono Boost)  
  170  12:30  Probe  
  170  12:31  High Templar  
  170  12:32  Photon Cannon  
  170  12:34  Stalker x5  
  170  12:35  Archon  
  183  12:43  Photon Cannon  
  183  12:46  Pylon  
  183  12:51  Stalker x2  
  185  13:00  Stalker  
  158  13:15  Observer (Chrono Boost)  
  158  13:19  Stalker x8  
Show
View Real Time Build Order
Export as new Build Order

ShaDoWn Protoss - Winner!

Build Orders:  

Get SALT Encoding   

  12  0:00  Probe  
  13  0:12  Probe  
  14  0:17  Pylon  
  14  0:24  Probe  
  15  0:35  Gateway  
  15  0:37  Probe (Chrono Boost)  
  16  0:46  Assimilator, Probe (Chrono Boost)  
  17  0:51  Probe (Chrono Boost)  
  17  0:54  Assimilator  
  18  1:03  Probe (Chrono Boost)  
  19  1:09  Gateway  
  19  1:14  Probe (Chrono Boost)  
  20  1:19  Probe (Chrono Boost)  
  20  1:23  Cybernetics Core  
  21  1:29  Probe  
  22  1:34  Pylon  
  22  1:41  Probe  
  23  1:54  Probe  
  24  1:59  Robotics Facility  
  24  2:00  Stalker  
  26  2:03  Warp Gate  
  26  2:13  Stalker  
  28  2:19  Pylon  
  28  2:32  Stalker  
  29  2:43  Immortal (Chrono Boost)  
  33  3:03  Stalker  
  35  3:13  Probe  
  35  3:14  Warp Prism  
  37  3:49  Nexus, Probe  
  37  3:52  Pylon  
  37  3:55  Observer  
  39  4:02  Probe  
  38  4:14  Probe  
  39  4:17  Pylon  
  39  4:18  Sentry  
  39  4:35  Probe  
  39  4:37  Shield Battery  
  40  4:43  Stalker x2  
  44  4:47  Probe  
  45  4:54  Gateway  
  41  5:01  Probe  
  41  5:03  Twilight Council  
  41  5:06  Probe  
  43  5:09  Sentry  
  43  5:10  Stalker  
  46  5:22  Shield Battery  
  46  5:23  Probe (Chrono Boost)  
  48  5:29  Probe (Chrono Boost)  
  48  5:34  Stalker x2, Probe (Chrono Boost)  
  53  5:38  Blink (Chrono Boost)  
  53  5:39  Probe (Chrono Boost)  
  54  5:48  Probe  
  55  5:53  Shield Battery, Probe  
  56  6:00  Sentry, Probe  
  56  6:04  Pylon  
  59  6:06  Probe  
  59  6:07  Stalker  
  62  6:17  Pylon  
  62  6:22  Probe x2  
  62  6:24  Robotics Facility  
  64  6:34  Nexus  
  64  6:39  Stalker  
  66  6:42  Stalker  
  66  6:44  Probe  
  66  6:46  Probe  
  70  6:52  Pylon  
  70  6:56  Probe  
  70  6:58  Probe  
  72  7:03  Assimilator  
  72  7:05  Stalker x2  
  72  7:08  Probe  
  76  7:10  Probe  
  76  7:11  Observer  
  78  7:17  Forge  
  78  7:18  Charge  
  78  7:20  Probe, Pylon  
  78  7:22  Probe  
  80  7:32  Probe  
  80  7:34  Probe  
  82  7:38  Observer  
  82  7:40  Stalker x2  
  82  7:41  Protoss Ground Weapons Level 1 (Chrono Boost)  
  87  7:45  Probe (Chrono Boost)  
  87  7:47  Probe (Chrono Boost)  
  87  7:48  Probe (Chrono Boost)  
  90  7:56  Probe (Chrono Boost)  
  90  7:57  Probe (Chrono Boost)  
  90  7:58  Probe (Chrono Boost)  
  95  8:07  Gateway  
  95  8:08  Gateway  
  95  8:09  Gateway  
  95  8:11  Gateway  
  92  8:20  Nexus, Dark Shrine  
  92  8:24  Pylon  
  92  8:27  Zealot x2  
  96  8:30  Zealot  
  98  8:36  Pylon  
  98  8:47  Zealot x2, Pylon  
  102  8:51  Probe  
  102  8:53  Zealot  
  105  8:56  Probe  
  105  8:58  Gateway  
  105  8:59  Probe  
  107  9:03  Probe  
  107  9:08  Probe  
  107  9:09  Stalker x3  
  115  9:10  Stalker x2  
  115  9:11  Probe  
  115  9:15  Probe  
  121  9:20  Probe  
  121  9:21  Pylon  
  121  9:23  Assimilator, Probe  
  123  9:27  Probe  
  120  9:31  Protoss Ground Weapons Level 2 (Chrono Boost), Stalker x2  
  120  9:32  Probe  
  120  9:34  Stalker x2  
  126  9:39  Observer, Probe  
  126  9:44  Shadow Stride (Chrono Boost)  
  127  9:46  Probe  
  127  9:48  Probe x2  
  127  9:51  Dark Templar, Probe  
  133  9:58  Probe  
  132  10:00  Probe  
  132  10:01  Probe  
  132  10:03  Probe  
  132  10:04  Zealot x4  
  132  10:05  Zealot  
  143  10:08  Observer  
  143  10:10  Probe  
  143  10:14  Probe  
  144  10:15  Zealot x2  
  148  10:22  Probe  
  148  10:25  Probe  
  148  10:26  Dark Templar  
  150  10:29  Stalker x3  
  156  10:36  Shield Battery  
  156  10:47  Assimilator x2  
  156  10:48  Pylon  
  156  10:50  Photon Cannon x2  
  156  10:59  Probe  
  153  11:06  Probe  
  153  11:08  Stalker x6  
  153  11:10  Pylon  
  164  11:12  Pylon  
  164  11:14  Photon Cannon, Pylon  
  164  11:15  Photon Cannon  
  164  11:19  Pylon  
  164  11:25  Robotics Bay  
  164  11:27  Gateway  
  164  11:31  Stalker x5  
  174  11:34  Pylon  
  174  11:37  Shield Battery, Stalker x2  
  178  11:43  Assimilator  
  178  11:47  Forge  
  178  11:49  Photon Cannon  
  178  12:01  Photon Cannon  
  178  12:02  Stalker x3  
  178  12:05  Shield Battery  
  178  12:07  Stalker x2  
  188  12:24  Disruptor (Chrono Boost)  
  190  12:32  Photon Cannon  
  190  12:33  Nexus, Shield Battery  
  190  12:35  Photon Cannon, Pylon  
  190  12:36  Pylon  
  190  12:38  Photon Cannon  
  190  12:41  Assimilator  
  190  12:46  Stalker x5  
  200  13:02  Pylon  
  198  13:08  Dark Templar x4  
  188  13:18  Zealot x4  
  188  13:19  Zealot  
Tags
 
Add a new tag
Caveats
  • Supply blocks, unpowered buildings, or Contaminate may cause inaccurate times.
  • Supply counts are checked every 10 seconds.